 Dungeon Crawl Stone Soup version 0.31-a0-971-g75a2e9a4b4 (webtiles) character file.

Game seed: 17708307697735702129

2 Azuregosa the Sneak (level 1, -1/16 HPs)
             Began as an Octopode Delver on Oct 28, 2023.
             Slain by an orc
             ... wielding a +0 flail
              (6 damage)
             ... on level 5 of the Dungeon.
             The game lasted 00:01:03 (70 turns).

Azuregosa the Sneak (Octopode Delver)                 Turns: 70, Time: 00:01:03

Health: -1/16      AC:  1    Str: 11    XL:     1   Next: 30%
Magic:  1/1        EV: 13    Int: 12    God:
Gold:   16         SH:  0    Dex: 13    Spells: 0/0 levels left

rFire   . . .        a - +0 spear
rCold   . . .        (no shield)
rNeg    . . .        (helmet restricted)
rPois   .            (no amulet)
rElec   .            (no ring)
rCorr   .            (no ring)
SInv    .            (no ring)
Will    .....        (no ring)
Stlth   ++++         (no ring)
HPRegen 0.22/turn    (no ring)
MPRegen 0.07/turn    (no ring)
                     (no ring)

%: no passive effects
@: no status effects
A: almost no armour, amphibious, 8 rings, camouflage 1, gelatinous body 1,
(nimble swimmer 1), tentacles
a: no special abilities


You were on level 5 of the Dungeon.
You visited 1 branch of the dungeon, and saw 1 of its levels.

You collected 16 gold pieces.

Inventory:

Hand Weapons
 a - a +0 spear (weapon)
Wands
 f - a wand of digging (3)
Scrolls
 b - a scroll of fog
 d - a scroll of fear
Potions
 e - a potion of haste


   Skills:
 + Level 3.1 Fighting
 - Level 2.0 Polearms
 - Level 2.0 Dodging
 - Level 6.6 Stealth


You couldn't memorise any spells.
You didn't know any spells.
Your spell library was empty.

Dungeon Overview and Level Annotations

Branches:
Dungeon (5/15)
 Temple: D:4-7

Altars:


Innate Abilities, Weirdness & Mutations

You cannot wear most types of armour.
You are amphibious.
You can wear up to eight rings at the same time.
Your skin changes colour to match your surroundings (Stealth+).
Your rubbery body absorbs attacks. (AC +1, EV +1)
((You are camouflaged when in or above water. (Stealth+)))
You have tentacles for arms and can constrict up to eight enemies at once.


Message History

Welcome, Azuregosa the Octopode Delver.
It's a long way down to the Orb of Zot, but that shouldn't be any trouble.
Press ? for a list of commands and other information.
Found a stone staircase leading down.
As you read the scroll of revelation, it crumbles to dust.
You feel aware of your surroundings.
You sensed 1 altar, and 1 shop/portal.
Found 16 gold pieces.
You now have 16 gold pieces.
A scorpion, an orc and an ogre come into view.
The orc shouts!
You hear an angry growl.
The ogre shouts!
An orc comes into view. It is wielding a +0 dagger.
A black bear comes into view.
An orc comes into view. It is wielding a +2 hand axe of pain.
There is a stone staircase leading down here.
An orc comes into view. It is wielding a +0 flail.
An orc comes into view.
It is wielding a +0 morningstar. 2 orcs come into view.
Found 12 gold pieces.
The orc shouts! x4
The orc hits you with a +0 flail. The orc attacks as it pursues you!
The orc barely misses you.
You hit the orc. You grab the orc. You squeeze the orc.
You kill the orc!
The orc hits you with a +0 flail! The orc attacks as it pursues you!
The orc closely misses you.
Things that are here:
a +0 short sword; an orc corpse The orc attacks as it pursues you!
The orc hits you with a +0 flail.
* * * LOW HITPOINT WARNING * * *
The orc attacks as it pursues you! The orc hits you with a +0 flail.
You die...

*,* *,,******** *,*
#.,,,,,,,,* #,*
#.,******,* ****###$##*
#.** *,* ,,,,......### #.*
*,* ******#...o.# #.*
**,** ###.#o# #.## *,,,*
#.#.# #..# *,*,*
######.#)####@# *,,,*
######.#.####o# ***,*
##.##.......#.# **###,*
***#.#.#..#.##.#.###...#,*
,,,.#.#...#.##.#........,*
,,,#.#.#....##.#...P....,*
,,*.###.#..###...P..P...,*
,,,#####.#.###..PP...P..,*
,.#######.>###.....8..P.,*


You could see an orc.

Vanquished Creatures
  An orc (D:5)
1 creature vanquished.

Notes
Turn   | Place    | Note
-------+----------+-------------------------------------------
     0 | D:5      | Azuregosa the Octopode Delver began the quest for the Orb.
     0 | D:5      | Reached XP level 1. HP: 16/16 MP: 1/1
    32 | D:5      | Noticed a scorpion
    32 | D:5      | Noticed an ogre
    35 | D:5      | Noticed a black bear
    70 | D:5      | Slain by an orc

Illustrated notes

Levels and vault maps discovered:
D:5:      layout_loops_ring, nicolae_hepliaklqana_hazy_memory,
          dreamdust_mushroom_princess, supply_closet_lemuel,
          nicolae_inconvenience_store

Action                     || total
---------------------------++-------
  Melee: Spear             ||     1
         Constrict         ||     1
         Tentacles         ||     1
    Use: Scroll            ||     1
 Armour: Skin              ||     4
  Dodge: Dodged            ||     2

Table legend: (Time is in decaauts)
 A = Elapsed time spent in this place.
 B = Non-inter-level travel time spent in this place.
 C = Inter-level travel time spent in this place.
 D = Time resting spent in this place.
 E = Time spent auto-exploring this place.
 F = Levels seen in this place.
 G = Mean time per level.
                   A        B        C        D        E       F      G
               +--------+--------+--------+--------+--------+-----+--------+
         Total |     70 |     70 |      0 |      0 |     29 |   1 |   70.0 |
       Dungeon |     70 |     70 |      0 |      0 |     29 |   1 |   70.0 |
               +--------+--------+--------+--------+--------+-----+--------+

Top non-repeatable levels by time:
     D:5: 70 daAuts
